 Dungeon Crawl Stone Soup version 0.18-a0-377-gde31b62 (webtiles) character file.

177 Sixotanaka the Stinger (level 5, -2/31 HPs)
             Began as an Octopode Venom Mage on Nov 29, 2015.
             Slain by an orc (4 damage)
             ... on level 2 of the Dungeon.
             The game lasted 00:07:31 (3448 turns).

Sixotanaka the Stinger (Octopode Venom Mage)        Turns: 3448, Time: 00:07:31

Health: -2/31      AC:  1    Str:  7    XL:     5   Next: 57%
Magic:  1/8        EV: 12    Int: 19    God:
Gold:   86         SH:  0    Dex: 12    Spells: 2 memorised, 4 levels left

rFire  . . .     SeeInvis .     d - +4 whip
rCold  . . .     Clarity  .     (no shield)
rNeg   . . .     SustAt   .     (helmet restricted)
rPois  .         Gourm    .     (no amulet)
rElec  .         Spirit   .     (no ring)
rCorr  .         Warding  .     (no ring)
rMut   .         Stasis   .     (no ring)
MR     .....                    (no ring)
Stlth  +++.......               (no ring)
                                (no ring)
                                (no ring)
                                (no ring)

@: very slightly contaminated, not resistant to hostile enchantments, fairly
stealthy
A: almost no armour, amphibious, 8 rings, constrict 8, camouflage 1, gelatinous
body 1
a: no special abilities


You were on level 2 of the Dungeon.
You were not hungry.

You visited 1 branch of the dungeon, and saw 3 of its levels.

You collected 86 gold pieces.


Innate Abilities, Weirdness & Mutations

You cannot wear most types of armour.
You are amphibious.
You can wear up to eight rings at the same time.
You can use your tentacles to constrict eight enemies at once.
Your skin changes colour to match your surroundings (Stealth).
Your rubbery body absorbs attacks (AC +1).


   Skills:
 - Level 2.0 Dodging
 - Level 2.6 Stealth
 - Level 2.0 Spellcasting
 * Level 4.9 Conjurations
 - Level 5.0 Poison Magic


You had 4 spell levels left.
You knew the following spells:

 Your Spells              Type           Power        Failure   Level  Hunger
c - Mephitic Cloud        Conj/Pois/Air  ##......     14%         3    ###....
z - Sting                 Conj/Pois      ###.         1%          1    #......


Dungeon Overview and Level Annotations

Branches:
Dungeon (3/15)

Altars:

Annotations:
D:2 exclusions: 3 doors and gnoll, Jessica, Sigmund

Inventory:

Hand Weapons
 d - a +4 whip (weapon)
 v - a +1 dagger of draining
   (You found it on level 3 of the Dungeon)
Missiles
 n - 22 poisoned needles
Scrolls
 c - a scroll of enchant weapon {unknown}
 g - a scroll of blinking {unknown}
 i - 2 scrolls of teleportation {unknown}
 k - a scroll of fear {unknown}
 l - 2 scrolls of identify {unknown}
 m - a scroll of remove curse {unknown}
Potions
 e - a potion of might {unknown}
 h - a potion of heal wounds {unknown}
 j - a potion of magic {unknown}
 p - 2 potions of poison {unknown}
 q - a potion of flight {unknown}
 s - a potion of haste {unknown}
 t - a potion of curing {unknown}
Books
 a - a Young Poisoner's Handbook
Comestibles
 b - 3 bread rations
 f - a meat ration
 o - a beef jerky
 r - a royal jelly
 u - 3 chunks of flesh

.......#.#######..#
##...## ##≈≈.
########..........#
##'## #≈≈≈.
#########.## #.#
##≈≈≈( ###.######.#
#≈≈###
#.......##.####≈≈#..
#.#.###.#...##...'..
#.#.# #......#...'..
#.#)# #.#........'..
#.#@# #.#.....#≈≈#..
#.#oo....#...##≈≈###
#.#####.....####≈(≈.
#.......##### #(≈≈.
######### ##≈≈. ####


You could see 2 orcs.


Message History

The orc shouts!
An orc comes into view. It is wielding a short sword.
Casting: Sting
Aiming: Sting
Aim: an orc, wielding a falchion and wearing a scale mail The sting hits the orc.
The orc appears unharmed.
The orc shouts!
An orc comes into view.
Casting: Sting
Aiming: Sting
Aim: an orc, wielding a falchion and wearing a scale mail The sting hits the orc.
The orc appears unharmed.
The orc shouts!
Casting: Sting
Aiming: Sting
Aim: an orc, wielding a falchion and wearing a scale mail The sting hits the orc.
Casting: Sting
Aiming: Mephitic Cloud
Aim: an orc, wielding a mace and wearing a robe
Okay, then.
There is a stone staircase leading up here.
Casting: Mephitic Cloud
Aiming: Sting
Aim: an orc, wielding a short sword The sting hits the orc.
The orc is poisoned.
You kill the orc!
Casting: Sting
Aiming: Sting
Aim: an orc, wielding a mace and wearing a robe The sting hits the orc.
The orc appears unharmed.
Casting: Sting
Aiming: Sting
Aim: an orc, wielding a mace and wearing a robe You miscast Sting.
You are very lightly contaminated with residual magic.
Nothing appears to happen.
Casting: Sting
Aiming: Sting
Aim: an orc, wielding a mace and wearing a robe The sting hits the orc.
You closely miss the orc. Your grab misses the orc. The orc misses you.
You hit the orc. You grab the orc.
You constrict the orc, but do no damage.
The orc barely misses you. The orc hits you. The orc hits you with a falchion!
A gnoll comes into view.
You release your grip on the orc.
The gnoll shouts!
The orc closely misses you. The orc hits you with a mace.
* * * LOW HITPOINT WARNING * * *
The orc hits you with a falchion.
* * * LOW HITPOINT WARNING * * *
You climb upwards.
Level annotation: exclusions: 3 doors and gnoll, Jessica, Sigmund
There is a stone staircase leading down here.
You closely miss the orc. You grab the orc. You constrict the orc.
The orc hits you but does no damage. The orc hits you with a mace.
* * * LOW HITPOINT WARNING * * *
The orc barely misses you.
You hit the orc but do no damage.
You constrict the orc, but do no damage.
The orc hits you.
* * * LOW HITPOINT WARNING * * *
The orc hits you with a mace.
* * * LOW HITPOINT WARNING * * *
The orc closely misses you. The orc barely misses you.
You whack the orc!
You kill the orc!
The orc barely misses you. The orc hits you.
You die...

Action                   |  1- 3 |  4- 6 || total
-------------------------+-------+-------++-------
Melee: Whip              |    20 |    18 ||    38
 Cast: Sting             |    36 |    83 ||   119
 Stab: Sleeping          |       |     2 ||     2
  Eat: Chunk             |     2 |     7 ||     9

Vault maps used:
D:1:      minmay_arrival_four_circles, serial_bayou_pond_a
D:2:      kennysheep_goblin_castle, first_bread, uniq_sigmund, uniq_iyjb,
          uniq_jessica
D:3:      gammafunk_temple_overflow_wave, tgw_fedhas

Notes
Turn   | Place    | Note
--------------------------------------------------------------
     0 | D:1      | Sixotanaka the Octopode Venom Mage began the quest for the Orb.
     0 | D:1      | Reached XP level 1. HP: 11/11 MP: 3/3
   203 | D:1      | Reached skill level 1 in Conjurations
   242 | D:1      | Reached skill level 5 in Poison Magic
   242 | D:1      | Reached XP level 2. HP: 12/17 MP: 0/5
   245 | D:1      | HP: 3/17 [kobold/short sword (4)]
  1146 | D:2      | Reached skill level 2 in Conjurations
  1146 | D:2      | Reached XP level 3. HP: 9/21 MP: 0/6
  1162 | D:2      | HP: 5/21 [poisoned by an adder]
  1390 | D:2      | Noticed Ijyb
  1406 | D:2      | Killed Ijyb
  1406 | D:2      | Reached skill level 3 in Conjurations
  1412 | D:2      | Reached XP level 4. HP: 25/27 MP: 1/7
  1538 | D:2      | Noticed Sigmund
  1538 | D:2      | Noticed Jessica
  2070 | D:3      | Reached skill level 4 in Conjurations
  2634 | D:2      | Reached XP level 5. HP: 31/31 MP: 1/8
  3292 | D:3      | Learned a level 3 spell: Mephitic Cloud
  3446 | D:2      | HP: 6/31 [orc/mace (5)]
  3447 | D:2      | HP: 2/31 [orc/mace (2)]
  3448 | D:2      | Slain by an orc

Vanquished Creatures
  An orc priest (D:3)
  Ijyb (D:2)
  6 adders (D:2)
  2 giant geckos
  5 orcs
  A ball python (D:1)
  6 bats
  9 goblins
  2 hobgoblins
  5 kobolds
  4 quokkas
  2 giant cockroaches
  4 giant newts
  3 jackals
  10 rats
61 creatures vanquished.
